 Dungeon Crawl Stone Soup version 0.32-a0-42-ga30500b4d3 (webtiles) character file.

Game seed: 1708915915143451306

2517 IdlyInterested the Slicer (level 9, -1/68 HPs)
             Began as an Octopode Fighter on Jan 29, 2024.
             Slain by Maurice
             ... wielding a +0 short sword
              (5 damage)
             ... on level 7 of the Dungeon.
             The game lasted 00:18:05 (5966 turns).

IdlyInterested the Slicer (Octopode Fighter)        Turns: 5966, Time: 00:18:05

Health: -1/68      AC:  3    Str: 19    XL:     9   Next: 54%
Magic:  0/9        EV: 13    Int:  9    God:
Gold:   0          SH:  0    Dex: 11    Spells: 8/8 levels left

rFire   . . .        l - +2 short sword (elec)
rCold   . . .        b - +0 buckler
rNeg    . . .        I - +2 hat
rPois   +            (no amulet)
rElec   .            m - ring of flight
rCorr   .            E - ring of flight
SInv    .            u - ring of poison resistance
Will    +....        (no ring)
Stlth   ++           (no ring)
HPRegen 0.31/turn    (no ring)
MPRegen 0.11/turn    (no ring)
                     (no ring)

%: no passive effects
@: confused, marked, on berserk cooldown, flying, slowed, very slow
A: almost no armour, amphibious, 8 rings, camouflage 1, gelatinous body 1,
(nimble swimmer 1), tentacles, dopey 1, strong-willed 1, robust 1
a: no special abilities


You were on level 7 of the Dungeon.
You visited 2 branches of the dungeon, and saw 8 of its levels.

Inventory:

Hand Weapons
 a - a +0 rapier
 l - a +2 short sword of electrocution (weapon)
Missiles
 g - 6 stones (quivered)
 v - 3 darts of dispersal
 y - 6 boomerangs
 B - 3 poisoned darts
 D - 2 curare-tipped darts
Armour
 b - a +0 buckler (worn)
 I - a +2 hat (worn)
Magical Staves
 J - a staff of earth
Jewellery
 m - a ring of flight (left tentacle)
 u - a ring of poison resistance (on tentacle)
 E - a ring of flight (right tentacle)
Wands
 w - a wand of charming (10)
 F - a wand of mindburst (20)
Scrolls
 d - 2 scrolls of immolation
 h - a scroll of fear
 i - a scroll of amnesia
 n - 2 scrolls of teleportation {unknown}
 p - a scroll of butterflies {unknown}
 s - 3 scrolls of blinking
 x - 2 scrolls of vulnerability {unknown}
 A - a scroll of enchant armour
 G - a scroll of noise {unknown}
 H - a scroll of acquirement {unknown}
Potions
 c - 2 potions of might
 e - a potion of enlightenment {unknown}
 f - 3 potions of mutation
 k - a potion of brilliance {unknown}
 o - 2 potions of attraction
 r - a potion of curing {unknown}
 z - a potion of invisibility {unknown}
 K - a potion of degeneration {unknown}


   Skills:
 * Level 5.7 Fighting
 - Level 10.0 Short Blades
 - Level 3.0 Staves
 + Level 2.1 Throwing
 - Level 3.0 Dodging
 - Level 2.0 Stealth
 - Level 3.0 Shields
 - Level 3.0 Unarmed Combat
 - Level 2.0 Evocations
 - Level 2.0 Shapeshifting


You had 8 spell levels left.
You didn't know any spells.
Your spell library contained the following spells:

 Spells                   Type           Power      Damage    Failure   Level
 Apportation              Tloc           0%         N/A       45%         1
 Foxfire                  Conj/Fire      0%         2x1d4     45%         1
 Necrotise                Necr           0%         1d4       45%         1
 Sting                    Conj/Alch      0%         1d3       45%         1
 Summon Small Mammal      Summ           0%         N/A       45%         1
 Mercury Vapours          Alch/Air       0%         N/A       61%         2
 Call Canine Familiar     Summ           0%         N/A       83%         3
 Summon Ice Beast         Ice/Summ       0%         N/A       83%         3
 Olgreb's Toxic Radiance  Alch           0%         N/A       99%         4
 Summon Blazeheart Golem  Fire/Summ      0%         N/A       99%         4
 Summon Mana Viper        Hex/Summ       0%         N/A       100%        5
 Plasma Beam              Fire/Air       0%         2x1d10    100%        6
 Starburst                Conj/Fire      0%         6d3       100%        6
 Monstrous Menagerie      Summ           0%         N/A       100%        7


Dungeon Overview and Level Annotations

Branches:
Dungeon (7/15)             Temple (1/1) D:4

Altars:
Ashenzari
Cheibriados
Dithmenos
Elyvilon
Fedhas
Gozag
Hepliaklqana
Kikubaaqudgha
Makhleb
Okawaru
Qazlal
Ru
Sif Muna
Trog
Uskayaw
Wu Jian
Xom
Yredelemnul
Zin
The Shining One

Annotations:
D:7 Maurice


Innate Abilities, Weirdness & Mutations

You cannot wear most types of armour.
You are amphibious.
You can wear up to eight rings at the same time.
Your skin changes colour to match your surroundings (Stealth+).
Your rubbery body absorbs attacks. (AC +1, EV +1)
((You are camouflaged when in or above water. (Stealth+)))
You have tentacles for arms and can constrict up to eight enemies at once.
You are dopey. (Int -2)
You are strong-willed. (Will+)
You are robust. (+10% HP)


Message History

Something drains your magic.
You hit something.
You bump into the rock wall.
Something barely misses you. Something bites you.
You feel your power leaking away. Something drains your magic.
A red film seems to cover your vision as you go berserk!
You feel yourself moving faster!
You feel mighty!
You hear some strange, mumbled words.
You miss something. You closely miss something. Something hits you.
You puncture something!
Reactivating autopickup.
You feel a bit more experienced.
You hear a zap.
Deactivating autopickup; reactivate with Ctrl-A.
Your will is overpowered!
You are more confused.
Items here: )) [[ ††.
You feel a strong urge to attack something.
Something hits you!
* * * LOW HITPOINT WARNING * * *
Something grunts, "Curses!"
Something bites you but does no damage.
You feel your anger nearly subside. Something hits you but does no damage.
Something bites you.
* * * LOW HITPOINT WARNING * * *
You feel your power leaking away. Something drains your magic.
You are no longer berserk.
You are exhausted.
You feel yourself slow down.
You bump into the rock wall.
Something hits you.
* * * LOW HITPOINT WARNING * * *
Something grunts, "Curses!"
Something bites you.
* * * LOW HITPOINT WARNING * * *
Something drains your magic. Something hits you!
* * * LOW HITPOINT WARNING * * *
Something mutters, "Now where did you hide it?"
Something bites you.
You die...

###########
#......#.. #.#.#
##.####)#@###.#
#.............#
#..#.##.#)#...#
#..#.##.#.#......
#.......#.. ..###
#.##.##.#######
#.##.##.#
#.......# #######
####.#### #.....#


There were no monsters in sight!

Vanquished Creatures
  Jeremiah (D:7)
  Sigmund (D:5)
  2 water moccasins
  2 black bears
  3 ogres
  A centaur (D:6)
  2 phantoms
  2 kobold brigands (D:4)
  3 bullfrogs (D:6)
  2 scorpions
  A howler monkey (D:3)
  2 bombardier beetles (D:4)
  3 orc priests
  2 hounds
  2 sleepcaps (D:6)
  4 jellies
  5 orc wizards
  6 adders
  3 gnolls (D:5)
  2 shadow imps
  A white imp (D:6)
  2 ufetubi (D:5)
  A ribbon worm (D:2)
  13 orcs
  7 ball pythons
  8 bats
  11 endoplasms
  3 giant cockroaches
  7 goblins
  11 hobgoblins
  9 jackals
  2 quokkas
  6 frilled lizards
  14 kobolds
  6 rats
150 creatures vanquished.

Notes
Turn   | Place    | Note
-------+----------+-------------------------------------------
     0 | D:1      | IdlyInterested the Octopode Fighter began the quest for the
                  | Orb.
     0 | D:1      | Reached XP level 1. HP: 16/16 MP: 1/1
    67 | D:1      | Reached XP level 2. HP: 19/21 MP: 2/2
   344 | D:1      | Reached skill level 1 in Unarmed Combat
   410 | D:1      | Reached skill level 3 in Short Blades
   824 | D:2      | Found a hide-covered altar of Uskayaw.
   832 | D:2      | Reached XP level 3. HP: 26/26 MP: 3/3
  1209 | D:2      | Reached skill level 1 in Throwing
  1668 | D:3      | Reached XP level 4. HP: 31/31 MP: 4/4
  1674 | D:3      | Reached skill level 4 in Short Blades
  1674 | D:3      | Reached skill level 1 in Stealth
  1762 | D:3      | Reached skill level 1 in Evocations
  1762 | D:3      | Reached XP level 5. HP: 15/36 MP: 5/5
  2134 | D:4      | Found a staircase to the Ecumenical Temple.
  2140 | D:4      | Reached skill level 5 in Short Blades
  2140 | D:4      | Reached skill level 1 in Shapeshifting
  2290 | Temple   | Entered the Ecumenical Temple
  2318 | D:4      | Reached XP level 6. HP: 32/42 MP: 6/6
  2320 | D:4      | Found a bloodstained altar of Trog.
  2520 | D:4      | Reached skill level 6 in Short Blades
  2533 | D:4      | Identified the +1 leather armour of Raibiuth {Will+ Str+3}
  2720 | D:4      | Reached XP level 7. HP: 44/46 MP: 7/7
  3039 | D:4      | Reached skill level 7 in Short Blades
  3261 | D:4      | Gained mutation: You are dopey. (Int -2) [potion of
                  | mutation]
  3261 | D:4      | Gained mutation: You are robust. (+10% HP) [potion of
                  | mutation]
  3261 | D:4      | Gained mutation: You are strong-willed. (Will+) [potion of
                  | mutation]
  3502 | D:5      | Entered Level 5 of the Dungeon
  3893 | D:5      | Reached XP level 8. HP: 57/57 MP: 8/8
  3939 | D:5      | Reached skill level 8 in Short Blades
  4498 | D:5      | Noticed Sigmund
  4515 | D:5      | Killed Sigmund
  4805 | D:6      | Reached skill level 9 in Short Blades
  4805 | D:6      | Reached skill level 1 in Staves
  5122 | D:6      | Reached skill level 10 in Short Blades
  5122 | D:6      | Reached XP level 9. HP: 61/61 MP: 9/9
  5727 | D:7      | Noticed Jeremiah
  5740 | D:7      | Killed Jeremiah
  5741 | D:7      | Reached skill level 5 in Fighting
  5932 | D:7      | Noticed Maurice
  5935 | D:7      | Maurice stole 3 curare-tipped darts
  5944 | D:7      | Something stole a +2 dagger of speed
  5946 | D:7      | Something stole a ring of ice
  5947 | D:7      | Something stole an orb of guile
  5954 | D:7      | Something stole 255 gold
  5966 | D:7      | Slain by Maurice

Illustrated notes

Levels and vault maps discovered:
D:1:      erik_arrival_cave_to_civilisation [erik_arrival_cave_to_hall],
          layout_loops_ring
D:2:      layout_basic, basic_altar
D:3:      layout_rooms
D:4:      cheibrodos_thug_alley, layout_basic, lemuel_crystal_altar,
          minmay_temple_entry_statues_fountains, st_stairs_4,
          minmay_misc_feat_columns
D:5:      layout_layer_cave, chequers_serial_rivers_marsh, uniq_sigmund
D:6:      layout_loops_ring
D:7:      layout_loops_cross, old_standard_altar, uniq_maurice, uniq_jeremiah
Temple:   compressed_dpeg_triangle_lava_temple

Skill      XL: |  1  2  3  4  5  6  7  8  9 |
---------------+----------------------------+-----
Unarmed Combat | 1 2 3 |  3.0
Short Blades   | 3 4 5 6 7 10 | 10.0
Throwing       | 1 2 |  2.1
Stealth        | 1 2 |  2.0
Evocations     | 1 2 |  2.0
Shapeshifting  | 1 2 |  2.0
Staves         | 2 3 |  3.0
Fighting       | 5 |  5.7
Dodging        | |  3.0
Shields        | |  3.0

Action                     |  1- 3 |  4- 6 |  7- 9 || total
---------------------------+-------+-------+-------++-------
  Melee: Rapier            |    55 |       |       ||    55
         Constrict         |    24 |    13 |    39 ||    76
         Tentacles         |    13 |    19 |    46 ||    78
         Punch             |     3 |     3 |     7 ||    13
         Short sword       |    32 |    82 |   221 ||   335
  Throw: Stone             |       |     4 |    16 ||    20
         Dart              |       |       |     1 ||     1
    Use: Scroll            |     4 |     1 |     4 ||     9
         Potion            |       |     3 |     3 ||     6
   Stab: Sleeping          |     4 |     3 |     6 ||    13
 Armour: Skin              |    28 |    31 |    89 ||   148
  Dodge: Dodged            |    62 |    41 |    75 ||   178
  Block: Buckler           |    21 |    10 |    31 ||    62

Table legend: (Time is in decaauts)
 A = Elapsed time spent in this place.
 B = Non-inter-level travel time spent in this place.
 C = Inter-level travel time spent in this place.
 D = Time resting spent in this place.
 E = Time spent auto-exploring this place.
 F = Levels seen in this place.
 G = Mean time per level.
                   A        B        C        D        E       F      G
               +--------+--------+--------+--------+--------+-----+--------+
         Total |   5871 |   5525 |    346 |   1197 |   3149 |   8 |  733.9 |
       Dungeon |   5869 |   5523 |    346 |   1197 |   3149 |   7 |  838.4 |
        Temple |      1 |      1 |      0 |      0 |      0 |   1 |    1.0 |
               +--------+--------+--------+--------+--------+-----+--------+

Top non-repeatable levels by time:
     D:4: 1355 daAuts
     D:5: 1276 daAuts
     D:6: 846 daAuts
     D:1: 846 daAuts
     D:2: 806 daAuts
     D:3: 479 daAuts
     D:7: 258 daAuts
  Temple: 1 daAuts
